TOP OF THE 1ST |
Columbia River Rats batting - Pitching for Idaho Falls Chukars : LHP Chico Landi
|
Pitching: LHP Chico Landi
|
|
Batting: SHB José Segura
|
0-0: Ball 1-0: Called Strike 1-1: Foul Ball, location: 2F 1-2: Ball 2-2: SINGLE (Line Drive, 9S)
|
Batting: RHB Michael Walters
|
0-0: Ball 1-0: Called Strike 1-1: Ball 2-1: Swinging Strike 2-2: Ball 3-2: Foul Ball, location: 2F 3-2: Foul Ball, location: 2F 3-2: Strikes out swinging José Segura steals 2nd base Batter strikes out.
|
Batting: RHB Yves Girard
|
0-0: Called Strike 0-1: Ground out U3 (Groundball, 34) José Segura to third
|
Batting: RHB George Coffel
|
0-0: Called Strike 0-1: Ball 1-1: Swinging Strike 1-2: SINGLE (Line Drive, 6MD) José Segura scores
|
Batting: RHB Júlio Costa
|
0-0: Foul Ball, location: 2F 0-1: Ball 1-1: Ball 2-1: Foul Ball, location: 2F 2-2: Reached on error, E4 (Groundball, 34) George Coffel to second
|
Batting: LHB Jordan Westacott
|
0-0: Ball 1-0: Ball 2-0: Swinging Strike 2-1: Foul Ball, location: 2F 2-2: Foul Ball, location: 2F 2-2: Ball 3-2: Foul Ball, location: 2F 3-2: Foul Ball, location: 2F 3-2: Base on Balls George Coffel to third Júlio Costa to second
|
Batting: RHB Andrew Berven
|
0-0: Ball 1-0: Foul Ball, location: 2F 1-1: Swinging Strike 1-2: Strikes out swinging
|
Top of the 1st over - 1 run, 2 hits, 1 error, 3 left on base; Columbia 1 - Idaho Falls 0 |
BOTTOM OF THE 1ST |
Idaho Falls Chukars batting - Pitching for Columbia River Rats : RHP Jim Eisenmenger
|
Pitching: RHP Jim Eisenmenger
|
|
Batting: LHB Juan Rosado
|
0-0: Called Strike 0-1: Fly out, F8 (Flyball, 89M)
|
Batting: LHB Jared Morningstar
|
0-0: Ball 1-0: Swinging Strike 1-1: Ground out 4-3 (Groundball, 4D)
|
Batting: SHB Tony Manzanares
|
0-0: Foul Ball, location: 2F 0-1: Swinging Strike 0-2: Ball 1-2: SOLO HOME RUN (Flyball, 89XD), Distance : 429 ft
|
Batting: LHB Víctor Puente
|
0-0: SOLO HOME RUN (Line Drive, 9D), Distance : 386 ft
|
Batting: RHB Ilkka Haapajarvi
|
0-0: Hit by Pitch
|
Batting: RHB Luo-lang Li
|
0-0: Ball 1-0: Fly out, F8 (Flyball, 78S)
|
Bottom of the 1st over - 2 runs, 2 hits, 0 errors, 1 left on base; Columbia 1 - Idaho Falls 2 |
TOP OF THE 2ND |
Columbia River Rats batting - Pitching for Idaho Falls Chukars : LHP Chico Landi
|
Batting: RHB Harley Whitfield
|
0-0: Swinging Strike 0-1: Foul Ball, location: 2F 0-2: Ball 1-2: Ball 2-2: Strikes out looking
|
Batting: RHB Javier Cordero
|
0-0: Called Strike 0-1: Swinging Strike 0-2: Ball 1-2: Strikes out swinging
|
Batting: SHB José Segura
|
0-0: Ball 1-0: Ball 2-0: Ball 3-0: Base on Balls
|
Batting: RHB Michael Walters
|
0-0: Ball 1-0: Ball 2-0: Called Strike 2-1: Foul Ball, location: 2F 2-2: Reached on error, E5 (Groundball, 5) José Segura to second
|
Batting: RHB Yves Girard
|
0-0: Called Strike 0-1: Called Strike 0-2: Strikes out swinging
|
Top of the 2nd over - 0 runs, 0 hits, 1 error, 2 left on base; Columbia 1 - Idaho Falls 2 |
BOTTOM OF THE 2ND |
Idaho Falls Chukars batting - Pitching for Columbia River Rats : RHP Jim Eisenmenger
|
Batting: RHB Yoichibei Chikafuji
|
0-0: Called Strike 0-1: Ball 1-1: Fly out, F9 (Line Drive, 9)
|
Batting: RHB Fytor Ceia
|
0-0: Called Strike 0-1: Ball 1-1: Ball 2-1: DOUBLE (Line Drive, 7LM)
|
Batting: LHB Wulf Paauwe
|
0-0: Ball 1-0: Ball 2-0: Ball 3-0: Called Strike 3-1: Foul Ball, location: 2F 3-2: Strikes out swinging
|
Batting: LHB Juan Rosado
|
0-0: Ball 1-0: Called Strike 1-1: Called Strike 1-2: Ball 2-2: Fly out, F8 (Flyball, 8RS)
|
Bottom of the 2nd over - 0 runs, 1 hit, 0 errors, 1 left on base; Columbia 1 - Idaho Falls 2 |
TOP OF THE 3RD |
Columbia River Rats batting - Pitching for Idaho Falls Chukars : LHP Chico Landi
|
Batting: RHB George Coffel
|
0-0: Ball 1-0: Ground out U3 (Groundball, 3)
|
Batting: RHB Júlio Costa
|
0-0: Called Strike 0-1: Swinging Strike 0-2: Ball 1-2: Ball 2-2: Foul Ball, location: 2F 2-2: Ball 3-2: Foul Ball, location: 2F 3-2: Foul Ball, location: 2F 3-2: DOUBLE (Flyball, 89D)
|
Batting: LHB Jordan Westacott
|
0-0: Called Strike 0-1: Called Strike 0-2: Ground out 5-3 (Groundball, 56S) Júlio Costa to third
|
Batting: RHB Andrew Berven
|
0-0: Called Strike 0-1: Ball 1-1: Called Strike 1-2: Ground out 6-3 (Groundball, 6)
|
Top of the 3rd over - 0 runs, 1 hit, 0 errors, 1 left on base; Columbia 1 - Idaho Falls 2 |
BOTTOM OF THE 3RD |
Idaho Falls Chukars batting - Pitching for Columbia River Rats : RHP Jim Eisenmenger
|
Batting: LHB Jared Morningstar
|
0-0: Foul Ball, location: 2F 0-1: Swinging Strike 0-2: Strikes out swinging
|
Batting: SHB Tony Manzanares
|
0-0: SINGLE (Line Drive, 6MD)
|
Batting: LHB Víctor Puente
|
0-0: Ball 1-0: Ball 2-0: Called Strike 2-1: Fielders Choice at 2nd, 1-6 (Groundball, P)
|
Batting: RHB Ilkka Haapajarvi
|
0-0: Ball 1-0: Called Strike 1-1: Foul Ball, location: 2F 1-2: Ball 2-2: Foul Ball, location: 2F 2-2: Foul Ball, location: 2F 2-2: Ball 3-2: DOUBLE (Flyball, 78D) Víctor Puente to third Víctor Puente scores
|
Batting: RHB Luo-lang Li
|
0-0: Fly out, F8 (Flyball, 8LD)
|
Bottom of the 3rd over - 1 run, 2 hits, 0 errors, 1 left on base; Columbia 1 - Idaho Falls 3 |
TOP OF THE 4TH |
Columbia River Rats batting - Pitching for Idaho Falls Chukars : LHP Chico Landi
|
Batting: RHB Harley Whitfield
|
0-0: Called Strike 0-1: Called Strike 0-2: Ball 1-2: Foul Ball, location: 2F 1-2: Ball 2-2: Fly out, F7 (Flyball, 78M)
|
Batting: RHB Javier Cordero
|
0-0: Foul Ball, location: 2F 0-1: Ground out 5-3 (Groundball, 56)
|
Batting: SHB José Segura
|
0-0: Ball 1-0: Ball 2-0: Ball 3-0: Called Strike 3-1: Fly out, F7 (Flyball, 78D)
|
Top of the 4th over - 0 runs, 0 hits, 0 errors, 0 left on base; Columbia 1 - Idaho Falls 3 |
BOTTOM OF THE 4TH |
Idaho Falls Chukars batting - Pitching for Columbia River Rats : RHP Jim Eisenmenger
|
Batting: RHB Yoichibei Chikafuji
|
0-0: Called Strike 0-1: Ball 1-1: Ground out 5-3 (Groundball, 56S)
|
Batting: RHB Fytor Ceia
|
0-0: Ball 1-0: Swinging Strike 1-1: Ball 2-1: Ball 3-1: Called Strike 3-2: Base on Balls
|
Batting: LHB Wulf Paauwe
|
0-0: Foul Ball, location: 2F 0-1: Ball 1-1: SINGLE (Line Drive, 8LS) Fytor Ceia to second
|
Batting: LHB Juan Rosado
|
0-0: Called Strike 0-1: Ball 1-1: Ball 2-1: Swinging Strike 2-2: Fly out, F7 (Flyball, 78M)
|
Batting: LHB Jared Morningstar
|
0-0: Called Strike 0-1: Called Strike 0-2: DOUBLE (Line Drive, 9LM) Fytor Ceia scores Wulf Paauwe to third
|
Batting: SHB Tony Manzanares
|
0-0: Ball 1-0: Called Strike 1-1: Fly out, F3 (Popup, 3L)
|
Bottom of the 4th over - 1 run, 2 hits, 0 errors, 2 left on base; Columbia 1 - Idaho Falls 4 |
TOP OF THE 5TH |
Columbia River Rats batting - Pitching for Idaho Falls Chukars : LHP Chico Landi
|
Batting: RHB Michael Walters
|
0-0: Foul Ball, location: 2F 0-1: Fly out, F4 (Line Drive, 4M)
|
Pitching: RHP Sandro Pérez
|
|
Batting: RHB Yves Girard
|
0-0: Ball 1-0: Ball 2-0: Fly out, F8 (Flyball, 8LD)
|
Batting: RHB George Coffel
|
0-0: Ball 1-0: Called Strike 1-1: Swinging Strike 1-2: Foul Ball, location: 2F 1-2: Foul Ball, location: 2F 1-2: Ball 2-2: Ball 3-2: Foul Ball, location: 2F 3-2: Ground out 1-3 (Groundball, 13)
|
Top of the 5th over - 0 runs, 0 hits, 0 errors, 0 left on base; Columbia 1 - Idaho Falls 4 |
BOTTOM OF THE 5TH |
Idaho Falls Chukars batting - Pitching for Columbia River Rats : RHP Jim Eisenmenger
|
Batting: LHB Víctor Puente
|
0-0: DOUBLE (Line Drive, 89XD)
|
Batting: RHB Ilkka Haapajarvi
|
0-0: Ball 1-0: Ball 2-0: Foul Ball, location: 2F 2-1: Called Strike 2-2: Strikes out looking
|
Pitching: LHP Andrés Santos
|
|
Batting: RHB Luo-lang Li
|
0-0: Ball 1-0: Ball 2-0: Ball 3-0: Base on Balls
|
Batting: RHB Yoichibei Chikafuji
|
0-0: Called Strike 0-1: Ball 1-1: Grounds into double play, 4-6-3 (Groundball, 4)
|
Bottom of the 5th over - 0 runs, 1 hit, 0 errors, 1 left on base; Columbia 1 - Idaho Falls 4 |
TOP OF THE 6TH |
Columbia River Rats batting - Pitching for Idaho Falls Chukars : RHP Sandro Pérez
|
Batting: RHB Júlio Costa
|
0-0: Ball 1-0: Called Strike 1-1: Ball 2-1: Ground out 5-3 (Groundball, 56)
|
Batting: LHB Jordan Westacott
|
0-0: Ground out 4-3 (Groundball, 4)
|
Batting: RHB Andrew Berven
|
0-0: Foul Ball, location: 2F 0-1: Ball 1-1: Foul Ball, location: 2F 1-2: Ground out 6-3 (Groundball, 6)
|
Top of the 6th over - 0 runs, 0 hits, 0 errors, 0 left on base; Columbia 1 - Idaho Falls 4 |
BOTTOM OF THE 6TH |
Idaho Falls Chukars batting - Pitching for Columbia River Rats : LHP Andrés Santos
|
Batting: RHB Fytor Ceia
|
0-0: Ball 1-0: Called Strike 1-1: Ball 2-1: Called Strike 2-2: Strikes out looking
|
Batting: LHB Wulf Paauwe
|
0-0: Ball 1-0: Called Strike 1-1: Ball 2-1: Fly out, F9 (Flyball, 9D)
|
Batting: LHB Juan Rosado
|
0-0: Hit by Pitch
|
Batting: LHB Jared Morningstar
|
0-0: Ball 1-0: Foul Ball, location: 2F 1-1: SINGLE (Flyball, 9S) Juan Rosado to second Runner from 2nd tries for 3rd, SAFE, no throw
|
Batting: SHB Tony Manzanares
|
0-0: Ball 1-0: Called Strike 1-1: Ball 2-1: SINGLE (Line Drive, 7S) Juan Rosado scores Jared Morningstar to second
|
Batting: LHB Víctor Puente
|
0-0: Called Strike 0-1: Ball 1-1: Ball 2-1: Called Strike 2-2: Foul Ball, location: 2F 2-2: SINGLE (Line Drive, 8RS) Jared Morningstar to third Tony Manzanares to second Runner from 3rd tries for Home, SAFE, no throw
|
Batting: RHB Ilkka Haapajarvi
|
0-0: Ground out 6-3 (Groundball, 6M)
|
Bottom of the 6th over - 2 runs, 3 hits, 0 errors, 2 left on base; Columbia 1 - Idaho Falls 6 |
TOP OF THE 7TH |
Columbia River Rats batting - Pitching for Idaho Falls Chukars : RHP Sandro Pérez
|
Batting: RHB Harley Whitfield
|
0-0: Foul Ball, location: 2F 0-1: Ball 1-1: Fly out, F8 (Line Drive, 89D)
|
Batting: RHB Javier Cordero
|
0-0: Called Strike 0-1: Foul Ball, location: 2F 0-2: Strikes out swinging
|
Batting: SHB José Segura
|
0-0: Called Strike 0-1: Ball 1-1: Ball 2-1: Swinging Strike 2-2: Ball 3-2: Strikes out looking
|
Top of the 7th over - 0 runs, 0 hits, 0 errors, 0 left on base; Columbia 1 - Idaho Falls 6 |
BOTTOM OF THE 7TH |
Idaho Falls Chukars batting - Pitching for Columbia River Rats : LHP Andrés Santos
|
Batting: RHB Luo-lang Li
|
0-0: SINGLE (Line Drive, 7S)
|
Batting: RHB Yoichibei Chikafuji
|
0-0: Ball 1-0: Foul Ball, location: 2F 1-1: Ball Passed Ball! Luo-lang Li to second 2-1: Called Strike 2-2: Fly out, F7 (Line Drive, 78M)
|
Batting: RHB Fytor Ceia
|
0-0: Ball 1-0: Ball 2-0: Ball 3-0: Base on Balls
|
Batting: LHB Wulf Paauwe
|
0-0: Ball 1-0: Called Strike 1-1: Ball 2-1: Foul Ball, location: 2F 2-2: Fly out, F9 (Flyball, 89S)
|
Batting: LHB Juan Rosado
|
0-0: Foul Ball, location: 2F 0-1: Fly out, F8 (Line Drive, 8LD)
|
Bottom of the 7th over - 0 runs, 1 hit, 0 errors, 2 left on base; Columbia 1 - Idaho Falls 6 |
TOP OF THE 8TH |
Columbia River Rats batting - Pitching for Idaho Falls Chukars : RHP Sandro Pérez
|
Now at 1B: Dan Cummings
|
|
Batting: RHB Michael Walters
|
0-0: Called Strike 0-1: Called Strike 0-2: Foul Ball, location: 2F 0-2: Foul Ball, location: 2F 0-2: Ball 1-2: Foul Ball, location: 2F 1-2: Ground out 4-3 (Groundball, 4)
|
Batting: RHB Yves Girard
|
0-0: Ball 1-0: SINGLE (Groundball, 34D)
|
Batting: RHB George Coffel
|
0-0: Ball 1-0: Ball 2-0: Called Strike 2-1: Called Strike 2-2: Foul Ball, location: 2F 2-2: Foul Ball, location: 2F 2-2: Ball 3-2: Strikes out swinging
|
Batting: RHB Júlio Costa
|
0-0: Called Strike 0-1: Ball 1-1: Foul Ball, location: 2F 1-2: Foul Ball, location: 2F 1-2: Fly out, F7 (Flyball, 7S)
|
Top of the 8th over - 0 runs, 1 hit, 0 errors, 1 left on base; Columbia 1 - Idaho Falls 6 |
BOTTOM OF THE 8TH |
Idaho Falls Chukars batting - Pitching for Columbia River Rats : LHP Andrés Santos
|
Batting: LHB Jared Morningstar
|
0-0: Called Strike 0-1: Foul Ball, location: 2F 0-2: Strikes out swinging
|
Batting: SHB Tony Manzanares
|
0-0: Ball 1-0: Foul Ball, location: 2F 1-1: Fly out, F7 (Flyball, 7S)
|
Pitching: LHP Carlos Córdova
|
|
Batting: LHB Víctor Puente
|
0-0: Called Strike 0-1: Ball 1-1: Ground out 4-3 (Groundball, 4)
|
Bottom of the 8th over - 0 runs, 0 hits, 0 errors, 0 left on base; Columbia 1 - Idaho Falls 6 |
TOP OF THE 9TH |
Columbia River Rats batting - Pitching for Idaho Falls Chukars : RHP Sandro Pérez
|
Batting: LHB Jordan Westacott
|
0-0: SINGLE (Popup, 2R)
|
Batting: RHB Andrew Berven
|
0-0: Foul Ball, location: 2F 0-1: Ball 1-1: Ball 2-1: Fly out, F9 (Line Drive, 89S)
|
Batting: RHB Harley Whitfield
|
0-0: Swinging Strike 0-1: Ball 1-1: Ball 2-1: Ball 3-1: Base on Balls Jordan Westacott to second
|
Batting: RHB Javier Cordero
|
0-0: Ball 1-0: Called Strike 1-1: Ball 2-1: SINGLE (Groundball, 6D) Jordan Westacott to third Harley Whitfield to second
|
Batting: SHB José Segura
|
0-0: Swinging Strike 0-1: Called Strike 0-2: Ball Error on foul ball, E7 1-2: Foul Ball, location: 2F 1-2: Fielders Choice at 2nd, 3-6 (Groundball, 3) Jordan Westacott scores Harley Whitfield to third
|
Batting: RHB Michael Walters
|
0-0: Ball 1-0: Ball 2-0: Ball 3-0: Base on Balls José Segura to second
|
Batting: RHB Yves Girard
|
0-0: Ball 1-0: Ground out 6-3 (Groundball, 6S)
|
Top of the 9th over - 1 run, 2 hits, 1 error, 3 left on base; Columbia 2 - Idaho Falls 6 |
|